 Dungeon Crawl Stone Soup version 0.30.1-11-g7821555f0a (webtiles) character file.

Game seed: 12792516089667004702

28 hawla the Stinger (level 3, -1/14 HPs)
             Began as a Felid Venom Mage on Jan 12, 2024.
             Slain by a hound (3 damage)
             ... on level 2 of the Dungeon.
             The game lasted 00:02:29 (1092 turns).

hawla the Stinger (Felid Venom Mage)                Turns: 1092, Time: 00:02:30

Health: -1/14      AC:  1    Str:  6    XL:     3   Next: 0%
Magic:  6/7        EV: 17    Int: 16    God:
Gold:   69         SH:  0    Dex: 16    Spells: 3/6 levels left
                                        Lives:  0   Deaths: 0

rFire   . . .        (weapon unavailable)
rCold   . . .        (shield unavailable)
rNeg    . . .        (body armour unavailable)
rPois   .            (helmet unavailable)
rElec   .            (cloak unavailable)
rCorr   .            (gloves unavailable)
SInv    +            (boots unavailable)
Will    .....        (no amulet)
Stlth   ++           (no ring)
HPRegen 0.22/turn    (no ring)
MPRegen 0.10/turn

%: no passive effects
@: quick
A: very small, claws 1, fangs 3, see invisible, speed 1, shaggy fur 1, stealthy
paws, no weapons or thrown items, no armour, multi-lived
a: no special abilities


You were on level 2 of the Dungeon.
You visited 1 branch of the dungeon, and saw 2 of its levels.

You collected 69 gold pieces.

Inventory:

Scrolls
 b - 4 scrolls of identify {unknown}
 c - a scroll of fog {unknown}
 d - a scroll of torment {unknown}
 e - a scroll of enchant armour {unknown}


   Skills:
 - Level 2.9 Dodging
 - Level 2.8 Stealth
 - Level 2.1 Spellcasting
 - Level 1.3 Transmutations
 + Level 1.2 Air Magic
 - Level 3.1 Poison Magic


You had 3 spell levels left.
You knew the following spells:

 Your Spells              Type           Power      Damage    Failure   Level
a - Sting                 Tmut/Pois      32%        1d4       9%          1
b - Poisonous Vapours     Pois/Air       16%        N/A       13%         2

Your spell library contained the following spells:

 Spells                   Type           Power      Damage    Failure   Level
 Mephitic Cloud           Conj/Pois/Air  6%         N/A       34%         3
 Olgreb's Toxic Radiance  Pois           11%        N/A       50%         4


Dungeon Overview and Level Annotations

Branches:
Dungeon (2/15)

Altars:


Innate Abilities, Weirdness & Mutations

You have sharp claws.
You have razor-sharp teeth.
You have supernaturally acute eyesight. (SInv)
You cover ground quickly. (Speed+)
You are covered in fur. (AC +1)
Your paws help you pounce on unaware monsters.
You are incapable of wielding weapons or throwing items.
You cannot wear armour.
You gain extra lives every three experience levels.


Message History

Confirm with . or Enter, or press ? or * to list all spells.
Aiming: Sting (safe; 9% risk of failure)
Press: ? - help, Shift-Dir - straight line, f - giant cockroach, p - goblin
Aim: a giant cockroach (68% to hit)
The sting misses the hound.
The sting hits the giant cockroach.
The giant cockroach is poisoned.
The giant cockroach is almost dead.
You kill the giant cockroach!
The hound bites you. The goblin hits you with a +0 dagger.
* * * LOW HITPOINT WARNING * * *
The hound closely misses you. The hound bites you.
* * * LOW HITPOINT WARNING * * *
The hound attacks as you move away! The hound barely misses you.
You kill the goblin!
You have reached level 3!
Your experience leads to an increase in your attributes!
Increase (S)trength, (I)ntelligence, or (D)exterity?
You feel stronger. x2
Magic courses through your body. The hound bites you.
* * * LOW HITPOINT WARNING * * *
The hound closely misses you.
Casting: Sting (safe; 9% risk of failure)
Confirm with . or Enter, or press ? or * to list all spells.
Aiming: Sting (safe; 9% risk of failure)
Press: ? - help, Shift-Dir - straight line, f - hound
Aim: a hound (heavily wounded, poisoned, 56% to hit)
The sting hits the hound.
The hound looks even sicker.
The hound is severely wounded.
The hound misses you.
Casting: Sting (safe; 9% risk of failure)
Confirm with . or Enter, or press ? or * to list all spells.
Aiming: Sting (safe; 9% risk of failure)
Press: ? - help, Shift-Dir - straight line, f/p - hound
Aim: a hound (severely wounded, very poisoned, 56% to hit)
The sting hits the hound but does no damage.
The hound looks even sicker.
The hound is severely wounded.
The hound bites you.
You die...

######..)..#.##........#
.#
#......###.#.##........#
#
#.####...#...##........#
###.....######>...#
..####...### #....#
#..........####....#
##<.#####....#####.# #
.... ##†#..####.##..#
..# #..@h......†..# .
######)....#[## ##....#
......# ..##.!... ..##
#.#<..# # ........
#>......


You could see a hound (very poisoned).

Vanquished Creatures
  A dart slug (D:2)
  2 ball pythons
  A bat (D:1)
  4 endoplasms (D:1)
  3 giant cockroaches
  5 goblins
  3 hobgoblins (D:1)
  2 kobolds (D:1)
21 creatures vanquished.

Notes
Turn   | Place    | Note
-------+----------+-------------------------------------------
     0 | D:1      | hawla the Felid Venom Mage began the quest for the Orb.
     0 | D:1      | Reached XP level 1. HP: 7/7 MP: 4/4
   216 | D:1      | Reached skill level 3 in Poison Magic
   271 | D:1      | Reached XP level 2. HP: 11/11 MP: 3/6
   274 | D:1      | Learned a level 2 spell: Poisonous Vapours
  1036 | D:2      | Reached skill level 1 in Air Magic
  1090 | D:2      | Reached XP level 3. HP: 3/14 MP: 0/7
  1092 | D:2      | Slain by a hound

Illustrated notes

Levels and vault maps discovered:
D:1:      reono_arrival_forest_river, layout_loops_corners
D:2:      layout_rooms

Skill      XL: |  1  2 |
---------------+-------+-----
Poison Magic   | 3 |  3.1
Air Magic      | 1 |  1.2
Dodging        | |  2.9
Stealth        | |  2.8
Spellcasting   | |  2.1
Transmutations | |  1.3

Action                     || total
---------------------------++-------
  Melee: Unarmed           ||    43
         Bite              ||     9
   Cast: Sting             ||    14
         Poisonous Vapours ||     5
    Use: Potion            ||     1
   Stab: Sleeping          ||     4
 Armour: Skin              ||     2
  Dodge: Dodged            ||    44
